 Dungeon Crawl Stone Soup version 0.29.1-2-gbd0b4ee654 (webtiles) character file.

Game seed: 13390217691446090724

72 Icepheonix32 the Trooper (level 4, -1/41 HPs)
             Began as a Minotaur Fighter on Nov 16, 2022.
             Slain by an orc wizard
             ... wielding a +0 dagger
              (3 damage)
             ... on level 3 of the Dungeon.
             The game lasted 00:01:55 (1611 turns).

Icepheonix32 the Trooper (Minotaur Fighter)         Turns: 1611, Time: 00:01:55

Health: -1/41      AC:  7    Str: 19    XL:     4   Next: 7%
Magic:  3/3        EV:  9    Int: 11    God:
Gold:   82         SH:  8    Dex:  9    Spells: 3/3 levels left

rFire   . . .      SeeInvis .   o - +1 flail (holy)
rCold   . . .      Faith    .   c - +0 buckler
rNeg    . . .      Spirit   .   b - +0 scale mail
rPois   .          Reflect  .   (helmet restricted)
rElec   .          Harm     .   (no cloak)
rCorr   .          Rampage  .   (no gloves)
Will    .....                   (no boots)
Stlth   ..........              (no amulet)
HPRegen 0.13/turn               (no ring)
MPRegen 0.08/turn               (no ring)

@: no status effects
A: horns 2, retaliatory headbutt, fangs 1, large bone plates 1, clever 1
a: no special abilities


You were on level 3 of the Dungeon.
You visited 1 branch of the dungeon, and saw 3 of its levels.

You collected 82 gold pieces.

Inventory:

Hand Weapons
 a - a +0 war axe
 j - a +2 whip of freezing
 o - a +1 flail of holy wrath (weapon)
Missiles
 s - 2 boomerangs (quivered)
Armour
 b - a +0 scale mail (worn)
 c - a +0 buckler (worn)
Jewellery
 q - a ring of willpower
Scrolls
 e - 3 scrolls of identify {unknown}
 g - a scroll of magic mapping {unknown}
 k - 2 scrolls of teleportation {unknown}
 l - 2 scrolls of blinking {unknown}
 m - 2 scrolls of vulnerability {unknown}
 n - a scroll of fear {unknown}
 p - a scroll of poison {unknown}
 r - a scroll of fog {unknown}
Potions
 d - a potion of might
 i - a potion of heal wounds


   Skills:
 * Level 4.5 Fighting
 - Level 2.8(3.1) Axes
 + Level 1.7(2.5) Maces & Flails
 + Level 4.0 Armour
 + Level 0.2 Dodging
 + Level 4.3 Shields


You had 3 spell levels left.
You didn't know any spells.
Your spell library contained the following spells:

 Spells                   Type           Power      Damage    Failure   Level
 Conjure Flame            Conj/Fire      0%         6-21      99%         3
 Ignite Poison            Fire/Tmut/Pois 0%         N/A       99%         3
 Ozocubu's Armour         Ice            0%         N/A       99%         3
 Sticky Flame             Conj/Fire      0%         2d3       100%        4
 Ozocubu's Refrigeration  Ice            0%         4d7       100%        7


Dungeon Overview and Level Annotations

Branches:
Dungeon (3/15)

Altars:


Innate Abilities, Weirdness & Mutations

You have a pair of horns on your head.
You reflexively headbutt those who attack you in melee.
You have very sharp teeth.
You are partially covered in large bone plates. (SH +4)
Your mind is acute. (Int +4, Str/Dex -1)


Message History

You bump into the rock wall.
You miss something. Something hits you but does no damage.
You hit something.
Reactivating autopickup.
You feel a bit more experienced.
Your base Maces & Flails skill increases to level 1!
You have reached level 4!
You feel agile.
You bump into the rock wall.
The orc hits you with a +0 war axe.
You bump into the rock wall.
You feel less confused. The orc hits you with a +0 war axe.
* * * LOW HITPOINT WARNING * * *
Okay, then.
You barely miss the orc. You barely miss the orc.
The orc hits you with a +0 war axe.
* * * LOW HITPOINT WARNING * * *
You closely miss the orc.
Your extra speed is starting to run out.
The orc hits you but does no damage.
You sock the orc!
You kill the orc!
Deactivating autopickup; reactivate with Ctrl-A.
You hit something. Your headbutt misses something. Something hits you.
* * * LOW HITPOINT WARNING * * *
You closely miss something. Your bite misses something.
Something hits you but does no damage.
You barely miss something. You bite something.
Something hits you but does no damage.
You closely miss something. Your headbutt misses something.
You feel yourself slow down. Something hits you.
* * * LOW HITPOINT WARNING * * *
You hit something. Your headbutt misses something.
Something hits you but does no damage.
You barely miss something. Your headbutt misses something.
Your bite misses something. Something hits you.
* * * LOW HITPOINT WARNING * * *
Something hits you.
You die...

##
.#
..
###.
#..
#)#
#@#
###


There were no monsters in sight!

Vanquished Creatures
  An orc wizard (D:3)
  An adder (D:2)
  3 orcs
  6 bats
  6 endoplasms
  A giant cockroach (D:1)
  4 goblins (D:2)
  A hobgoblin (D:1)
  A quokka (D:1)
  2 ball pythons
  4 kobolds
  2 rats
32 creatures vanquished.

Notes
Turn   | Place    | Note
-------+----------+-------------------------------------------
     0 | D:1      | Icepheonix32 the Minotaur Fighter began the quest for the
                  | Orb.
     0 | D:1      | Reached XP level 1. HP: 19/19 MP: 0/0
   285 | D:1      | Reached XP level 2. HP: 27/27 MP: 1/1
   962 | D:2      | Reached XP level 3. HP: 27/33 MP: 2/2
  1161 | D:2      | Found a faded altar of an unknown god.
  1566 | D:3      | Gained mutation: Your mind is acute. (Int +4, Str/Dex -1)
                  | [potion of mutation]
  1566 | D:3      | Gained mutation: You have very sharp teeth. [potion of
                  | mutation]
  1566 | D:3      | Gained mutation: You are partially covered in large bone
                  | plates. (SH +4) [potion of mutation]
  1600 | D:3      | Reached skill level 1 in Maces & Flails
  1600 | D:3      | Reached XP level 4. HP: 23/41 MP: 3/3
  1609 | D:3      | HP: 2/41 [something (2)]
  1611 | D:3      | Slain by an orc wizard

Illustrated notes

Levels and vault maps discovered:
D:1:      lemuel_arrival_broad_hall, layout_basic, minmay_pentomino_w2
D:2:      layout_basic, shapermc_ecumenical_altar_acropolis
D:3:      layout_basic, vehumet_statue

Skill      XL: |  1  2  3 |
---------------+----------+-----
Fighting       | 4 |  4.5
Shields        | 4 |  4.3
Armour         | 4 |  4.0
Maces & Flails | 1 |  1.7
Axes           | |  2.8
Dodging        | |  0.2

Action                   |  1- 3 |  4- 6 || total
-------------------------+-------+-------++-------
Melee: War axe           |    50 |       ||    50
       Headbutt          |    15 |       ||    15
       Flail             |    23 |    10 ||    33
       Bite              |     1 |     1 ||     2
  Use: Potion            |     4 |       ||     4
Armor: Scale mail        |    36 |     4 ||    40
Dodge: Dodged            |    35 |       ||    35
Block: Buckler           |    14 |       ||    14
